| TOP OF THE 1ST |
|
Biloxi Shuckers batting - Pitching for Tulsa Drillers : RHP Steve Mintz
|
|
Pitching: RHP Steve Mintz
|
|
|
Batting: SHB Aaron Neill
|
0-0: Ball 1-0: DOUBLE (Line Drive, 78D, EV 106.9 MPH)
|
|
Batting: SHB Justin Hensley
|
0-0: Called Strike 0-1: Ground out 4-3 (Groundball, 4, EV 106.2 MPH) Aaron Neill to third
|
|
Batting: LHB Karel Hort
|
0-0: Ball 1-0: 2-RUN HOME RUN (Flyball, 89XD, EV 111.2 MPH), Distance : 419 ft
|
|
Batting: RHB Hector Silva
|
0-0: Foul Ball, location: 2F 0-1: Ball 1-1: Ball 2-1: SOLO HOME RUN (Flyball, 89XD, EV 98.8 MPH), Distance : 414 ft
|
|
Batting: LHB Rick Campbell
|
0-0: Swinging Strike 0-1: Ball 1-1: Swinging Strike 1-2: Strikes out looking
|
|
Batting: RHB Jerry Sanchez
|
0-0: Ball 1-0: Foul Ball, location: 2F 1-1: Swinging Strike 1-2: Strikes out looking
|
| Top of the 1st over - 3 runs, 3 hits, 0 errors, 0 left on base; Biloxi 3 - Tulsa 0 |
| BOTTOM OF THE 1ST |
|
Tulsa Drillers batting - Pitching for Biloxi Shuckers : RHP Jun Yamashita
|
|
Pitching: RHP Jun Yamashita
|
|
|
Batting: RHB Jason Baldwin
|
0-0: Called Strike 0-1: Ball 1-1: Called Strike 1-2: Foul Ball, location: 2F 1-2: Ball 2-2: Ball 3-2: Foul Ball, location: 2F 3-2: SINGLE (Line Drive, 6MD, EV 95.0 MPH)
|
|
Batting: SHB Ray Luna
|
0-0: Ball 1-0: Ball Jason Baldwin steals 2nd base 2-0: Swinging Strike 2-1: Foul Ball, location: 2F 2-2: Strikes out swinging
|
|
Batting: RHB Carlos Gonzalez
|
0-0: Ball 1-0: SINGLE (Flyball, 8RS, EV 92.5 MPH) Jason Baldwin to third Runner from 3rd tries for Home, throw by CF and OUT! 8-2
|
|
Batting: LHB Bobby Gonzalez
|
0-0: Called Strike 0-1: Swinging Strike 0-2: Strikes out swinging
|
| Bottom of the 1st over - 0 runs, 2 hits, 0 errors, 1 left on base; Biloxi 3 - Tulsa 0 |
| TOP OF THE 2ND |
|
Biloxi Shuckers batting - Pitching for Tulsa Drillers : RHP Steve Mintz
|
|
Batting: RHB Brian Landrum
|
0-0: Called Strike 0-1: Ball 1-1: Called Strike 1-2: Ball 2-2: SINGLE (Groundball, 5S, EV 68.8 MPH) (infield hit)
|
|
Batting: SHB Nick Chandler
|
0-0: Fly out, F8 (Flyball, 8LD, EV 101.2 MPH)
|
|
Batting: RHB Dusty Bates
|
0-0: Foul Ball, location: 2F 0-1: Ball 1-1: Foul Ball, location: 2F 1-2: Strikes out swinging
|
|
Batting: SHB Aaron Neill
|
0-0: SINGLE (Groundball, 34D, EV 106.2 MPH) Brian Landrum to second Runner from 2nd tries for 3rd, SAFE, throw by RF made to third
|
|
Batting: SHB Justin Hensley
|
0-0: Swinging Strike 0-1: Foul Ball, location: 2F 0-2: Ball 1-2: Ground out 4-3 (Groundball, 4, EV 103.1 MPH)
|
| Top of the 2nd over - 0 runs, 2 hits, 0 errors, 2 left on base; Biloxi 3 - Tulsa 0 |
| BOTTOM OF THE 2ND |
|
Tulsa Drillers batting - Pitching for Biloxi Shuckers : RHP Jun Yamashita
|
|
Batting: LHB Nate Kee
|
0-0: Ground out 4-3 (Groundball, 34, EV 89.4 MPH)
|
|
Batting: LHB Cory Bowler
|
0-0: Ball 1-0: Called Strike 1-1: Called Strike 1-2: Strikes out swinging
|
|
Batting: RHB Jonathan Sotelo
|
0-0: Ball 1-0: Ground out 6-3 (Groundball, 6MS, EV 68.8 MPH)
|
| Bottom of the 2nd over - 0 runs, 0 hits, 0 errors, 0 left on base; Biloxi 3 - Tulsa 0 |
| TOP OF THE 3RD |
|
Biloxi Shuckers batting - Pitching for Tulsa Drillers : RHP Steve Mintz
|
|
Batting: LHB Karel Hort
|
0-0: Ball 1-0: Ball 2-0: Ball 3-0: Base on Balls
|
|
Batting: RHB Hector Silva
|
0-0: Called Strike 0-1: Ball 1-1: Foul Ball, location: 2F 1-2: Strikes out swinging
|
|
Batting: LHB Rick Campbell
|
0-0: Foul Ball, location: 2F Pickoff Throw to First - Out! 1-3 0-1: Ball 1-1: Ball 2-1: Ball 3-1: Called Strike 3-2: Base on Balls
|
|
Batting: RHB Jerry Sanchez
|
0-0: Foul Ball, location: 2F 0-1: Ball 1-1: Fly out, F8 (Flyball, 8LD, EV 96.2 MPH)
|
| Top of the 3rd over - 0 runs, 0 hits, 0 errors, 1 left on base; Biloxi 3 - Tulsa 0 |
| BOTTOM OF THE 3RD |
|
Tulsa Drillers batting - Pitching for Biloxi Shuckers : RHP Jun Yamashita
|
|
Batting: RHB Bob Magana
|
0-0: Called Strike 0-1: Foul Ball, location: 2F 0-2: Ground out 5-3 (Groundball, 5L, EV 100.6 MPH)
|
|
Batting: LHB Randy Boone
|
0-0: Ground out 1-3 (Groundball, 13, EV 72.5 MPH)
|
|
Batting: RHB Jason Baldwin
|
0-0: Ball 1-0: Called Strike 1-1: Foul Ball, location: 2F 1-2: Ball 2-2: Ball 3-2: Strikes out swinging
|
| Bottom of the 3rd over - 0 runs, 0 hits, 0 errors, 0 left on base; Biloxi 3 - Tulsa 0 |
| TOP OF THE 4TH |
|
Biloxi Shuckers batting - Pitching for Tulsa Drillers : RHP Steve Mintz
|
|
Batting: RHB Brian Landrum
|
0-0: SINGLE (Groundball, 6MD, EV 97.5 MPH)
|
|
Batting: SHB Nick Chandler
|
0-0: Fly out, F5 (Popup, 5SF, EV 84.4 MPH)
|
|
Batting: RHB Dusty Bates
|
0-0: Called Strike 0-1: Swinging Strike 0-2: Ball 1-2: Strikes out swinging
|
|
Batting: SHB Aaron Neill
|
0-0: Called Strike 0-1: Ground out 4-3 (Groundball, 4, EV 84.4 MPH)
|
| Top of the 4th over - 0 runs, 1 hit, 0 errors, 1 left on base; Biloxi 3 - Tulsa 0 |
| BOTTOM OF THE 4TH |
|
Tulsa Drillers batting - Pitching for Biloxi Shuckers : RHP Jun Yamashita
|
|
Batting: SHB Ray Luna
|
0-0: Ball 1-0: Ball 2-0: Foul Ball, location: 2F 2-1: Called Strike 2-2: Foul Ball, location: 2F 2-2: DOUBLE (Line Drive, 9LS, EV 96.9 MPH) - OUT at third base trying to stretch hit.
|
|
Batting: RHB Carlos Gonzalez
|
0-0: Ground out 5-3 (Groundball, 56, EV 81.9 MPH)
|
|
Batting: LHB Bobby Gonzalez
|
0-0: SINGLE (Groundball, 4D, EV 111.2 MPH)
|
|
Batting: LHB Nate Kee
|
0-0: Ball 1-0: Foul Ball, location: 2F 1-1: Swinging Strike 1-2: Ball 2-2: Ball 3-2: Base on Balls Bobby Gonzalez to second
|
|
Batting: LHB Cory Bowler
|
0-0: Ball 1-0: Called Strike 1-1: Foul Ball, location: 2F 1-2: Fielders Choice at 2nd, 6-4 (Groundball, 6, EV 81.2 MPH)
|
| Bottom of the 4th over - 0 runs, 2 hits, 0 errors, 2 left on base; Biloxi 3 - Tulsa 0 |
| TOP OF THE 5TH |
|
Biloxi Shuckers batting - Pitching for Tulsa Drillers : RHP Steve Mintz
|
|
Batting: SHB Justin Hensley
|
0-0: Ball 1-0: Ball 2-0: Ball 3-0: Called Strike 3-1: Foul Ball, location: 2F 3-2: SOLO HOME RUN (Line Drive, 89XD, EV 105.6 MPH), Distance : 400 ft
|
|
Batting: LHB Karel Hort
|
0-0: Called Strike 0-1: Foul Ball, location: 2F 0-2: Ball 1-2: Fly out, F8 (Flyball, 8LXD, EV 102.5 MPH)
|
|
Batting: RHB Hector Silva
|
0-0: Foul Ball, location: 2F 0-1: Ball 1-1: Foul Ball, location: 2F 1-2: Foul Ball, location: 2F 1-2: Ball 2-2: Foul Ball, location: 2F 2-2: Strikes out swinging
|
|
Batting: LHB Rick Campbell
|
0-0: Ball 1-0: Foul Ball, location: 2F 1-1: Ball 2-1: Ball 3-1: Ground out 4-3 (Groundball, 4, EV 89.4 MPH)
|
| Top of the 5th over - 1 run, 1 hit, 0 errors, 0 left on base; Biloxi 4 - Tulsa 0 |
| BOTTOM OF THE 5TH |
|
Tulsa Drillers batting - Pitching for Biloxi Shuckers : RHP Jun Yamashita
|
|
Batting: RHB Jonathan Sotelo
|
0-0: Ground out 3-1 (Groundball, 34S, EV 83.8 MPH)
|
|
Batting: RHB Bob Magana
|
0-0: Foul Ball, location: 2F 0-1: Foul Ball, location: 2F 0-2: Ball 1-2: Foul Ball, location: 2F 1-2: Ball 2-2: Ball 3-2: Base on Balls
|
|
Batting: LHB Randy Boone
|
0-0: Ball 1-0: Ball 2-0: Ball 3-0: Base on Balls Bob Magana to second
|
|
Batting: RHB Jason Baldwin
|
0-0: Ball 1-0: Ball 2-0: Called Strike 2-1: Ball 3-1: Base on Balls Bob Magana to third Randy Boone to second
|
|
Batting: SHB Ray Luna
|
0-0: Called Strike 0-1: Ball 1-1: Ball 2-1: Foul Ball, location: 2F 2-2: Foul Ball, location: 2F 2-2: Strikes out swinging
|
|
Batting: RHB Carlos Gonzalez
|
0-0: Called Strike 0-1: Ball 1-1: Ball 2-1: Ball 3-1: Base on Balls Bob Magana scores Randy Boone to third Jason Baldwin to second
|
|
Batting: LHB Bobby Gonzalez
|
0-0: Swinging Strike 0-1: Ground out 1-3 (Groundball, 13S, EV 69.4 MPH)
|
| Bottom of the 5th over - 1 run, 0 hits, 0 errors, 3 left on base; Biloxi 4 - Tulsa 1 |
| TOP OF THE 6TH |
|
Biloxi Shuckers batting - Pitching for Tulsa Drillers : RHP Steve Mintz
|
|
Batting: RHB Jerry Sanchez
|
0-0: Reached on error, E2 (Groundball, 2R, EV 77.5 MPH)
|
|
Batting: RHB Brian Landrum
|
0-0: Ball 1-0: DOUBLE (Line Drive, 78D, EV 101.2 MPH) Jerry Sanchez to third
|
|
Batting: SHB Nick Chandler
|
0-0: Called Strike 0-1: Fly out, F7 (Flyball, 7, EV 76.9 MPH) Runner from 3rd tags up, SCORES, throw by LF
|
|
Batting: RHB Dusty Bates
|
0-0: Ball 1-0: Ball 2-0: Ball 3-0: Base on Balls
|
|
Pitching: RHP Andy Rodriguez
|
|
|
Batting: SHB Aaron Neill
|
0-0: Called Strike 0-1: Called Strike 0-2: Ball 1-2: Strikes out swinging
|
|
Batting: SHB Justin Hensley
|
0-0: Called Strike 0-1: Ball 1-1: Ball 2-1: Ball 3-1: Base on Balls Brian Landrum to third Dusty Bates to second
|
|
Batting: LHB Karel Hort
|
0-0: Swinging Strike 0-1: Ball 1-1: Foul Ball, location: 2F 1-2: Foul Ball, location: 2F 1-2: Foul Ball, location: 2F 1-2: Strikes out swinging
|
| Top of the 6th over - 1 run, 1 hit, 1 error, 3 left on base; Biloxi 5 - Tulsa 1 |
| BOTTOM OF THE 6TH |
|
Tulsa Drillers batting - Pitching for Biloxi Shuckers : RHP Jun Yamashita
|
|
Batting: LHB Nate Kee
|
0-0: Swinging Strike 0-1: Swinging Strike 0-2: Ball 1-2: Foul Ball, location: 2F 1-2: Strikes out swinging
|
|
Batting: LHB Cory Bowler
|
0-0: Swinging Strike 0-1: Swinging Strike 0-2: Ground out 5-3 (Groundball, 5, EV 98.8 MPH)
|
|
Batting: RHB Jonathan Sotelo
|
0-0: Ball 1-0: Ground out 6-3 (Groundball, 6, EV 83.8 MPH)
|
| Bottom of the 6th over - 0 runs, 0 hits, 0 errors, 0 left on base; Biloxi 5 - Tulsa 1 |
| TOP OF THE 7TH |
|
Biloxi Shuckers batting - Pitching for Tulsa Drillers : RHP Andy Rodriguez
|
|
Batting: RHB Hector Silva
|
0-0: Foul Ball, location: 2F 0-1: Called Strike 0-2: Ball 1-2: SINGLE (Groundball, 56D, EV 93.8 MPH)
|
|
Batting: LHB Rick Campbell
|
0-0: Called Strike Hector Silva steals 2nd base (no throw) 0-1: Ball 1-1: Ball 2-1: Ball 3-1: Base on Balls
|
|
Batting: RHB Jerry Sanchez
|
0-0: Called Strike 0-1: Foul Ball, location: 2F 0-2: Foul Ball, location: 2F 0-2: Ball 1-2: Foul Ball, location: 2F 1-2: Strikes out looking
|
|
Batting: RHB Brian Landrum
|
0-0: SINGLE (Line Drive, 78S, EV 93.8 MPH) Hector Silva to third Rick Campbell to second Runner from 3rd tries for Home, SAFE, throw by LF to home
|
|
Batting: SHB Nick Chandler
|
0-0: Ball 1-0: Foul Ball, location: 2F 1-1: Fly out, F7 (Flyball, 7D, EV 94.4 MPH)
|
|
Batting: RHB Dusty Bates
|
0-0: Swinging Strike 0-1: Ball 1-1: Called Strike 1-2: Foul Ball, location: 2F 1-2: Strikes out swinging
|
| Top of the 7th over - 1 run, 2 hits, 0 errors, 2 left on base; Biloxi 6 - Tulsa 1 |
| BOTTOM OF THE 7TH |
|
Tulsa Drillers batting - Pitching for Biloxi Shuckers : RHP Jun Yamashita
|
|
Pitching: LHP Billy Rojas
|
|
|
Batting: RHB Bob Magana
|
0-0: Called Strike 0-1: Called Strike 0-2: Foul Ball, location: 2F 0-2: Foul Ball, location: 2F 0-2: Ball 1-2: Foul Ball, location: 2F 1-2: Strikes out swinging
|
|
Batting: LHB Randy Boone
|
0-0: Called Strike 0-1: Ball 1-1: Fly out, F7 (Line Drive, 7, EV 97.5 MPH)
|
|
Batting: RHB Jason Baldwin
|
0-0: Fly out, F8 (Flyball, 8RS, EV 91.2 MPH)
|
| Bottom of the 7th over - 0 runs, 0 hits, 0 errors, 0 left on base; Biloxi 6 - Tulsa 1 |
| TOP OF THE 8TH |
|
Biloxi Shuckers batting - Pitching for Tulsa Drillers : RHP Andy Rodriguez
|
|
Batting: SHB Aaron Neill
|
0-0: TRIPLE (Flyball, 8LXD, EV 105.6 MPH)
|
|
Pitching: RHP Zach Snodgrass
|
|
|
Batting: SHB Justin Hensley
|
0-0: Ball 1-0: Ball 2-0: Ball 3-0: Called Strike 3-1: Ground out 1-3 (Groundball, 13, EV 71.9 MPH)
|
|
Batting: LHB Karel Hort
|
0-0: Ball 1-0: Ball 2-0: Called Strike 2-1: Swinging Strike 2-2: Foul Ball, location: 2F 2-2: Strikes out swinging
|
|
Batting: RHB Hector Silva
|
0-0: Ball 1-0: Called Strike 1-1: Fly out, F8 (Flyball, 89D, EV 91.2 MPH)
|
| Top of the 8th over - 0 runs, 1 hit, 0 errors, 1 left on base; Biloxi 6 - Tulsa 1 |
| BOTTOM OF THE 8TH |
|
Tulsa Drillers batting - Pitching for Biloxi Shuckers : LHP Billy Rojas
|
|
Batting: SHB Ray Luna
|
0-0: Ball 1-0: Called Strike 1-1: Foul Ball, location: 2F 1-2: Ball 2-2: Strikes out swinging
|
|
Batting: RHB Carlos Gonzalez
|
0-0: Ball 1-0: Ball 2-0: Foul Ball, location: 2F 2-1: Called Strike 2-2: Strikes out swinging
|
|
Batting: LHB Bobby Gonzalez
|
0-0: Ball 1-0: Fly out, F1 (Line Drive, P, EV 70.0 MPH)
|
| Bottom of the 8th over - 0 runs, 0 hits, 0 errors, 0 left on base; Biloxi 6 - Tulsa 1 |
| TOP OF THE 9TH |
|
Biloxi Shuckers batting - Pitching for Tulsa Drillers : RHP Zach Snodgrass
|
|
Batting: LHB Rick Campbell
|
0-0: Called Strike 0-1: Ball 1-1: Ball 2-1: Ball 3-1: Ground out 4-3 (Groundball, 4, EV 96.9 MPH)
|
|
Batting: RHB Jerry Sanchez
|
0-0: Called Strike 0-1: Ground out 4-3 (Groundball, 34, EV 100.6 MPH)
|
|
Batting: RHB Brian Landrum
|
0-0: Called Strike 0-1: Called Strike 0-2: SINGLE (Groundball, 56D, EV 103.1 MPH)
|
|
Batting: SHB Nick Chandler
|
0-0: Called Strike 0-1: Called Strike 0-2: Foul Ball, location: 2F 0-2: Ball 1-2: Ground out 4-3 (Groundball, 4, EV 104.4 MPH)
|
| Top of the 9th over - 0 runs, 1 hit, 0 errors, 1 left on base; Biloxi 6 - Tulsa 1 |
| BOTTOM OF THE 9TH |
|
Tulsa Drillers batting - Pitching for Biloxi Shuckers : LHP Billy Rojas
|
|
Batting: LHB Nate Kee
|
0-0: Foul Ball, location: 2F 0-1: Ground out 6-3 (Groundball, 6MS, EV 66.2 MPH)
|
|
Batting: LHB Cory Bowler
|
0-0: Ball 1-0: DOUBLE (Line Drive, 7LS, EV 98.1 MPH)
|
|
Batting: RHB Jonathan Sotelo
|
0-0: Ball 1-0: SINGLE (Line Drive, 89S, EV 100.6 MPH) Cory Bowler to third
|
|
Batting: RHB Bob Magana
|
0-0: Ball 1-0: Called Strike 1-1: Called Strike 1-2: Foul Ball, location: 2F 1-2: Ball 2-2: Fly out, F8 (Flyball, 8RM, EV 90.6 MPH) Runner from 3rd tags up, SCORES, no throw by CF
|
|
Pinch Hitting: RHB Jerry Blas
|
0-0: Ball 1-0: Swinging Strike 1-1: Swinging Strike 1-2: Strikes out swinging
|
| Bottom of the 9th over - 1 run, 2 hits, 0 errors, 1 left on base; Biloxi 6 - Tulsa 2 |
|